 Dungeon Crawl Stone Soup version 0.18.1-50-g88ac8fd (webtiles) character file.

150 KarmaPolice the Insei (level 5, 0/41 HPs)
             Began as a Vampire Monk on Oct 4, 2016.
             Slain by a worm (6 damage)
             ... on level 3 of the Dungeon.
             The game lasted 00:28:29 (4711 turns).

KarmaPolice the Insei (Vampire Monk)                Turns: 4711, Time: 00:28:30

Health: 0/41       AC:  3    Str: 10    XL:     5   Next: 10%
Magic:  5/5        EV: 15    Int: 12    God:
Gold:   165        SH:  0    Dex: 18    Spells: 0 memorised, 4 levels left

rFire  . . .     SeeInvis +     b - +0 whip
rCold  + . .     Gourm    .     a - +0 robe
rNeg   + + .     Faith    .     (no shield)
rPois  +         Spirit   .     m - +0 helmet
rElec  .         Dismiss  .     (no cloak)
rCorr  .         Reflect  .     (no gloves)
SustAt .         Harm     .     (no boots)
MR     .....                    (no amulet)
Stlth  +++.......               (no ring)
                                (no ring)

@: regenerating slowly, not resistant to hostile enchantments, fairly stealthy
A: fangs 3, see invisible, unbreathing
a: Bat Form


You were on level 3 of the Dungeon.
You were thirsty.

You visited 1 branch of the dungeon, and saw 3 of its levels.

You collected 165 gold pieces.

Inventory:

Hand Weapons
 b - a +0 whip (weapon)
 e - a +0 dagger
 f - a +0 hunting sling
 h - a +0 spear
 i - a +0 club
 l - a cursed -1 mace
 n - a +0 dagger
 o - a +0 dagger
 q - a +0 dagger
 r - a +0 club
 t - a +0 club
 w - a +0 club
 x - a cursed +0 rapier
 y - a +0 club
 z - a +0 dagger
 B - a +0 hunting sling
 E - a +0 hunting sling
 F - a +0 club
 G - a +0 short sword
 J - a +0 hunting sling
 N - a +0 hunting sling
 P - a +0 spear
 Q - a +0 club
 R - a +0 hunting sling
 T - a +0 falchion
 U - a +0 club
 V - a +0 mace
 X - a +0 club
 Z - a cursed -3 club
Missiles
 j - 168 stones (quivered)
 p - 7 javelins of penetration
Armour
 a - a +0 robe (worn)
 m - a +0 helmet (worn)
 D - a +0 large shield
 I - a +0 leather armour
 L - a +2 buckler
 M - a +0 ring mail
Jewellery
 S - an uncursed amulet of regeneration {unknown}
 W - an uncursed amulet of magic regeneration {unknown}
Scrolls
 c - 6 scrolls of identify {unknown}
 d - a scroll of remove curse {unknown}
 g - 3 scrolls of magic mapping {unknown}
 k - a scroll of blinking {unknown}
 v - 2 scrolls of teleportation {unknown}
 C - a scroll of fear {unknown}
 K - a scroll of immolation {unknown}
 O - a scroll of enchant weapon {unknown}
 Y - a scroll of amnesia {unknown}
Potions
 s - a potion of haste
 u - a potion of flight {unknown}
 H - 2 potions of resistance {unknown}
Comestibles
 A - a slice of pizza


   Skills:
 * Level 3.2 Fighting
 + Level 0.2 Short Blades
 * Level 0.1 Slings
 * Level 0.5 Armour
 * Level 4.7 Dodging
 * Level 3.6 Stealth
 * Level 5.3 Unarmed Combat


You had 4 spell levels left.
You didn't know any spells.

Dungeon Overview and Level Annotations

Branches:
Dungeon (3/15)

Altars:
Elyvilon


Innate Abilities, Weirdness & Mutations

You heal slowly.
You have razor-sharp teeth.
You have supernaturally acute eyesight.
You can survive without breathing.


Message History

The worm is heavily wounded.
The worm bites you.
You hit the worm but do no damage.
The worm is heavily wounded.
You barely miss the worm.
The worm is heavily wounded.
The worm bites you!
You hit the worm.
The worm is severely wounded.
The worm barely misses you.
You hit the worm but do no damage. You bite the worm.
The worm is almost dead.
You hit the worm.
The worm is almost dead.
The worm bites you!
* * * LOW HITPOINT WARNING * * *
You barely miss the worm.
The worm is almost dead.
The worm bites you.
You die...

#...######...#.#
###..............
#................
#.#...........>..
...#.#######...#.#
#####.# #...#.#
#.(..# #...#.+
#.#### #...### #@#
###...###
#w########........
#.##.......#......
..##.####..#.###..
### #............
#.##..#..#...
#.#.##..#..#...
#..............
###.#####......


You could see a worm.

Vanquished Creatures
  7 adders
  An ooze (D:1)
  A worm (D:3)
  An orc (D:3)
  4 ball pythons
  4 giant cockroaches
  15 goblins
  6 hobgoblins
  12 jackals
  5 kobolds
  2 quokkas (D:3)
  A bat (D:1)
  7 giant newts
  10 rats
  3 plants (D:1)
79 creatures vanquished.

Notes
Turn   | Place    | Note
--------------------------------------------------------------
     0 | D:1      | KarmaPolice the Vampire Monk began the quest for the Orb.
     0 | D:1      | Reached XP level 1. HP: 17/17 MP: 1/1
  1191 | D:1      | Reached XP level 2. HP: 23/23 MP: 2/2
  1630 | D:1      | Reached skill level 5 in Unarmed Combat
  1807 | D:1      | Reached XP level 3. HP: 28/28 MP: 3/3
  3419 | D:2      | Reached XP level 4. HP: 33/35 MP: 4/4
  3818 | D:2      | Found a white marble altar of Elyvilon.
  4482 | D:3      | Reached XP level 5. HP: 41/41 MP: 5/5
  4711 | D:3      | Slain by a worm

Skill      XL: |  1  2  3 |
---------------+----------+-----
Unarmed Combat | 5 |  5.3
Dodging        | 4 |  4.7
Fighting       | 3 |  3.2
Short Blades   | |  0.2
Slings         | |  0.1
Armour         | |  0.5
Stealth        | |  3.6

Action                   |  1- 3 |  4- 6 || total
-------------------------+-------+-------++-------
Melee: Unarmed           |   288 |   111 ||   399
       Bite              |    49 |    11 ||    60
       Punch             |     9 |     2 ||    11
       Whip              |       |    14 ||    14
  Use: Potion            |       |     1 ||     1
 Stab: Distracted        |     2 |       ||     2
       Sleeping          |     1 |     5 ||     6
  Eat: Corpse            |     3 |     5 ||     8
Armor: Robe              |    16 |     8 ||    24
Dodge: Dodged            |    98 |    83 ||   181
